 Dungeon Crawl Stone Soup version 0.17.0-28-g6e173f8 (webtiles) character file.

216 inmateoo the Chopper (level 5, -16/46 HPs)
             Began as a Deep Dwarf Fighter on Nov 22, 2015.
             Demolished by an ogre
             ... wielding a +0 giant club
              (17 damage)
             ... on level 4 of the Dungeon.
             The game lasted 00:02:35 (2742 turns).

inmateoo the Chopper (Deep Dwarf Fighter)           Turns: 2742, Time: 00:02:35

Health: -16/46     AC:  6    Str: 21    XL:     5   Next: 61%
Magic:  5/5        EV:  7    Int:  8    God:
Gold:   188        SH:  9    Dex: 12    Spells: 0 memorised, 4 levels left

rFire  . . .     SeeInvis .     a - +0 war axe
rCold  . . .     Clarity  .     b - +0 scale mail
rNeg   . . .     SustAt   .     c - +0 shield
rPois  .         Gourm    .     (no helmet)
rElec  .         Spirit   .     (no cloak)
rCorr  .         Warding  .     (no gloves)
rMut   .         Stasis   .     (no boots)
MR     .....                    (no amulet)
Stlth  ..........               (no ring)
                                (no ring)

@: non-regenerating, not resistant to hostile enchantments, extremely unstealthy
A: damage resistance, recharge devices, sense surroundings 1, slow regeneration
3
a: Device Recharging


You were on level 4 of the Dungeon.
You were not hungry.

You visited 1 branch of the dungeon, and saw 4 of its levels.

You collected 188 gold pieces.

Inventory:

Hand Weapons
 a - a +0 war axe (weapon)
Armour
 b - a +0 scale mail (worn)
 c - a +0 shield (worn)
Wands
 e - a wand of heal wounds (0)
Scrolls
 j - 6 scrolls of identify {unknown}
 n - a scroll of remove curse {unknown}
 o - 4 scrolls of teleportation {unknown}
 r - a scroll of random uselessness {unknown}
 t - a scroll of magic mapping {unknown}
 u - a scroll of amnesia {unknown}
Potions
 d - 2 potions of might
 g - 2 potions of curing {unknown}
 h - a potion of flight {unknown}
 k - a potion of agility {unknown}
 l - 3 potions of lignification {unknown}
 m - a potion of cancellation {unknown}
 v - a potion of brilliance {unknown}
 w - a potion of cure mutation {unknown}
Comestibles
 f - 3 bread rations
 i - 3 slices of pizza
 p - a meat ration
 q - 3 fruits
 s - a royal jelly
 x - 2 chunks of flesh


   Skills:
 - Level 2.6 Fighting
 * Level 6.4 Axes
 - Level 3.3 Armour
 - Level 3.4 Shields


You had 4 spell levels left.
You didn't know any spells.

Dungeon Overview and Level Annotations

Branches:
Dungeon (4/15)
 Temple: D:4-7

Altars:
Elyvilon
Gozag
Ru
Trog
Vehumet
The Shining One


Innate Abilities, Weirdness & Mutations

You are resistant to damage.
You can recharge devices by infusing magical energy.
You passively map a small area around you.
You do not regenerate naturally.


Message History

* * * LOW HITPOINT WARNING * * *
You are too injured to fight recklessly!
Unknown command.
You slash the ogre!
The ogre is severely wounded.
The ogre barely misses you.
You hit the ogre.
The ogre is almost dead.
You block the ogre's attack.
Your shield and scale mail prevent you from hitting the ogre.
The ogre is almost dead.
The ogre hits you with a giant club!
* * * LOW HITPOINT WARNING * * *
You closely miss the ogre.
The ogre is almost dead.
The ogre closely misses you.
You hit the ogre.
The ogre is almost dead.
The ogre hits you with a giant club!!
You die...

,* *#+ * * #. ,
#.* * *, ##.## ,
* * ##...##
.###.....######
,...............
, #.##O@.# *** ,
, #......# ***
####..## * #..#
#.#####..#
#........#
#########.##
#######.......#.#
......#.#####.#.#


You could see an ogre.

Vanquished Creatures
  An orc priest (D:3)
  Terence (D:2)
  Natasha (twice) (D:3)
  A worker ant (D:4)
  An adder (D:2)
  A worm (D:3)
  A giant gecko (D:3)
  7 orcs
  A ball python (D:1)
  6 bats
  14 hobgoblins
  7 jackals
  8 kobolds
  4 giant cockroaches
  4 giant newts
  6 goblins
  7 rats
72 creatures vanquished.

Vanquished Creatures (others)
  An adder (D:3)
  A kobold (D:3)
2 creatures vanquished.

Grand Total: 74 creatures vanquished

Notes
Turn   | Place    | Note
--------------------------------------------------------------
     0 | D:1      | inmateoo the Deep Dwarf Fighter began the quest for the Orb.
     0 | D:1      | Reached XP level 1. HP: 20/20 MP: 1/1
   113 | D:1      | Reached XP level 2. HP: 24/27 MP: 2/2
   440 | D:1      | Reached XP level 3. HP: 28/33 MP: 3/3
  1015 | D:2      | Found a white marble altar of Elyvilon.
  1154 | D:2      | Reached skill level 4 in Axes
  1166 | D:2      | Found a radiant altar of Vehumet.
  1177 | D:2      | Found an opulent altar of Gozag.
  1414 | D:2      | Found a sacrificial altar of Ru.
  1440 | D:2      | Noticed Terence
  1454 | D:2      | Killed Terence
  1454 | D:2      | Reached XP level 4. HP: 13/40 MP: 4/4
  1474 | D:2      | Found a bloodstained altar of Trog.
  1872 | D:3      | Reached skill level 5 in Axes
  1879 | D:3      | Found a glowing golden altar of the Shining One.
  2019 | D:3      | Noticed Natasha
  2034 | D:3      | Killed Natasha
  2213 | D:3      | Noticed Natasha
  2227 | D:3      | Killed Natasha
  2227 | D:3      | Reached XP level 5. HP: 14/46 MP: 5/5
  2437 | D:3      | Reached skill level 6 in Axes
  2731 | D:4      | Noticed an ogre
  2740 | D:4      | HP: 1/46 [ogre/giant club (12)]
  2742 | D:4      | Demolished by an ogre

Action                   |  1- 3 |  4- 6 || total
-------------------------+-------+-------++-------
Melee: War axe           |   121 |   131 ||   252
Evoke: Wand              |       |     5 ||     5
  Eat: Chunk             |     2 |     4 ||     6
